 Dungeon Crawl Stone Soup version 0.21.1-72-gffa868e (webtiles) character file.

161 taaruk the Chopper (level 5, -9/47 HPs)
             Began as a Minotaur Berserker on Aug 5, 2018.
             Was a Believer of Trog.
             Killed by divine providence
             ... invoked by an orc priest
              (14 damage)
             ... on level 3 of the Dungeon.
             The game lasted 00:13:59 (1802 turns).

taaruk the Chopper (Minotaur Berserker)             Turns: 1802, Time: 00:14:02

Health: -9/47      AC: 10    Str: 22    XL:     5   Next: 18%
Magic:  4/4        EV:  9    Int:  4    God:    Trog [**....]
Gold:   104        SH:  0    Dex: 10    Spells: 4/4 levels left

rFire    . . .     SeeInvis .   a - +0 hand axe
rCold    . . .     Gourm    .   (no shield)
rNeg     . . .     Faith    .   f - +0 chain mail
rPois    .         Spirit   .   (helmet restricted)
rElec    .         Reflect  .   (no cloak)
rCorr    .         Harm     .   i - +0 pair of gloves
MR       ++...                  (no boots)
Stlth    ..........             (no amulet)
HPRegen  1.15/turn              (no ring)
MPRegen  0.09/turn              (no ring)

@: regenerating
A: retaliatory headbutt, horns 2
a: Berserk, Trog's Hand, Burn Spellbooks, Renounce Religion


You were on level 3 of the Dungeon.
You worshipped Trog.
Trog was pleased with you.
You were very hungry.

You visited 1 branch of the dungeon, and saw 3 of its levels.

You collected 104 gold pieces.

Inventory:

Hand Weapons
 a - a +0 hand axe (weapon)
Missiles
 g - 7 needles of paralysis
 l - 18 bolts
Armour
 b - a +0 animal skin
 f - a +0 chain mail (worn)
 h - a +0 leather armour
 i - a +0 pair of gloves (worn)
Scrolls
 d - a scroll of teleportation {unknown}
 j - a scroll of noise {unknown}
 k - a scroll of blinking {unknown}
 m - a scroll of fear {unknown}
Potions
 e - a potion of degeneration {unknown}
Comestibles
 c - 3 rations


   Skills:
 + Level 4.8 Fighting
 + Level 5.1 Axes
 + Level 4.0 Armour
 + Level 2.8 Dodging


You had 4 spell levels left.
You didn't know any spells.

Dungeon Overview and Level Annotations

Branches:
Dungeon (3/15)

Altars:


Innate Abilities, Weirdness & Mutations

You reflexively headbutt those who attack you in melee.
You have a pair of horns on your head.


Message History

You hit the orc priest.
The orc priest is severely wounded.
You closely miss the orc. You barely miss the orc.
You hit the orc but do no damage.
The orc priest hits you but does no damage.
The orc barely misses you. The orc hits you but does no damage. x2
You barely miss the orc priest.
The orc priest is severely wounded.
You closely miss the orc. x3
The orc priest invokes the aid of Beogh against you.
Beogh smites you!
* * * LOW HITPOINT WARNING * * *
The orc hits you but does no damage. x3
You hit the orc priest but do no damage.
You headbutt the orc priest.
The orc priest is almost dead.
You hit the orc. You hit the orc but do no damage. You barely miss the orc.
The orc priest mumbles some strange prayers to Beogh against you.
Beogh smites you!
You die...

#.# #.#
#.# #.#
#.# #.#
##.#####†#
......o..#
......o@o#
##.####o##
#.# #.#
... #.#
#.# ..#


You could see an orc priest and 3 orcs.

Vanquished Creatures
  An orc priest (D:3)
  An orc wizard (D:2)
  Robin (D:2)
  2 adders
  An ooze (D:3)
  A worm (D:2)
  A dart slug (D:1)
  2 leopard geckos
  2 orcs (D:2)
  7 hobgoblins
  8 kobolds
  A quokka (D:2)
  A bat (D:1)
  2 frilled lizards
  18 goblins
  7 rats
56 creatures vanquished.

Notes
Turn   | Place    | Note
-------+----------+-------------------------------------------
     0 | D:1      | taaruk the Minotaur Berserker began the quest for the Orb.
     0 | D:1      | Reached XP level 1. HP: 19/19 MP: 0/0
   187 | D:1      | Reached XP level 2. HP: 17/27 MP: 1/1
   372 | D:1      | Reached skill level 4 in Axes
   799 | D:2      | Reached XP level 3. HP: 34/34 MP: 2/2
   843 | D:2      | Reached ** piety under Trog
   917 | D:2      | Reached XP level 4. HP: 16/41 MP: 3/3
   964 | D:2      | Noticed Robin
   988 | D:2      | Killed Robin
  1789 | D:3      | Reached skill level 5 in Axes
  1794 | D:3      | Reached XP level 5. HP: 9/47 MP: 4/4
  1802 | D:3      | Killed from afar by an orc priest

Skill      XL: |  1  2  3  4 |
---------------+-------------+-----
Fighting       | 4 |  4.8
Axes           | 4 5 |  5.1
Armour         | 4 |  4.0
Dodging        | |  2.8

Action                   |  1- 3 |  4- 6 || total
-------------------------+-------+-------++-------
Melee: Hand axe          |    65 |    48 ||   113
       Headbutt          |     7 |     7 ||    14
Invok: Berserk           |     1 |     1 ||     2
       Trog's Hand       |       |     2 ||     2
       Burn Spellbooks   |       |     1 ||     1
  Eat: Chunk             |       |     4 ||     4
Armor: Animal skin       |     5 |       ||     5
       Leather armour    |     3 |       ||     3
       Chain mail        |    10 |    32 ||    42
Dodge: Dodged            |    31 |    35 ||    66
